 Dungeon Crawl Stone Soup version 0.29-a0-25-g7f48f510a0 (webtiles) character file.

Game seed: 8155379167816921814

30 ddubois the Ruffian (level 3, 0/29 HPs)
             Began as a Palentonga Transmuter on Jan 31, 2022.
             Slain by a quokka (3 damage)
             ... on level 1 of the Dungeon.
             The game lasted 00:02:51 (1177 turns).

ddubois the Ruffian (Palentonga Transmuter)         Turns: 1177, Time: 00:02:51

Health: 0/29       AC:  4    Str: 15    XL:     3   Next: 3%
Magic:  6/6        EV: 10    Int: 13    God:
Gold:   41         SH:  0    Dex: 10    Spells: 5/6 levels left

rFire   . . .      SeeInvis +     - Unarmed
rCold   . . .      Faith    .   (no shield)
rNeg    . . .      Spirit   .   a - +0 robe
rPois   .          Reflect  .   (no helmet)
rElec   .          Harm     .   (no cloak)
rCorr   .          Rampage  .   (no gloves)
Will    .....                   (no barding)
Stlth   +.........              (no amulet)
HPRegen 0.09/turn               (no ring)
MPRegen 0.10/turn               (no ring)

@: no status effects
A: large, rugged brown scales 3, see invisible, deformed body, roll 1, armoured
tail
a: Rolling Charge


You were on level 1 of the Dungeon.
You visited 1 branch of the dungeon, and saw 1 of its levels.

You collected 41 gold pieces.

Inventory:

Missiles
 b - 13 poisoned darts
 f - 4 stones
Armour
 a - a +0 robe (worn)
Scrolls
 d - a scroll of fear {unknown}
 e - a scroll of fog {unknown}
Potions
 c - a potion of mutation {unknown}


   Skills:
 * Level 2.5 Fighting
 + Level 2.1 Dodging
 - Level 3.0 Unarmed Combat
 - Level 2.0 Spellcasting
 - Level 2.0 Transmutations


You had 5 spell levels left.
You knew the following spells:

 Your Spells              Type           Power      Damage    Failure   Level
a - Beastly Appendage     Tmut           12%        N/A       11%         1

Your spell library contained the following spells:

 Spells                   Type           Power      Damage    Failure   Level
 Wereblood                Tmut           6%         N/A       17%         2
 Spider Form              Tmut/Pois      3%         N/A       45%         3
 Ice Form                 Ice/Tmut       3%         N/A       86%         4


Dungeon Overview and Level Annotations

Branches:
Dungeon (1/15)

Altars:

Shops:
D:1 :![


Innate Abilities, Weirdness & Mutations

You are completely covered in rugged brown scales. (AC +3, +7% HP)
You have supernaturally acute eyesight. (SInv)
Armour fits poorly on your strangely shaped body.
You can roll at nearby foes to attack.
You have a long armoured tail.


Message History

The quokka barely misses you. x2
The quokka bites you but does no damage.
You completely miss the quokka.
The quokka is heavily wounded.
The quokka bites you. x2
* * * LOW HITPOINT WARNING * * *
The quokka barely misses you. The quokka completely misses you.
The ball python barely misses you. The quokka closely misses you.
The quokka barely misses you. The ball python closely misses you.
The quokka bites you but does no damage.
The ball python barely misses you. The quokka bites you.
* * * LOW HITPOINT WARNING * * *
The quokka bites you.
* * * LOW HITPOINT WARNING * * *
You barely miss the quokka. You tail-slap the quokka.
You kill the quokka!
You have reached level 3!
Your experience leads to an increase in your attributes!
Increase (S)trength, (I)ntelligence, or (D)exterity?
You feel stronger. x2
You hit the ball python.
You kill the ball python!
The quokka bites you but does no damage. x2
Things that are here:
a ball python corpse; a quokka corpse You hit the quokka.
The quokka is lightly wounded.
The quokka bites you.
* * * LOW HITPOINT WARNING * * *
You miss the quokka.
The quokka is lightly wounded.
The quokka bites you.
* * * LOW HITPOINT WARNING * * *
You hit the quokka.
The quokka is almost dead.
The quokka bites you.
You die...

)..## ........####.####.#.#
##.# #####.##.## ⌠.##....#
#.# #. ##.##.##.#.### #.#
#. ##..#..# #.# #. ##...#
#.######### #.### ##.##
#.#.......# #...# #.####.#
##.#.#...#.## #.# #......#
)..#..#.#...# #@#
#.########
####...∩....####r#
#.........
#..#.#...rS.#.####.########
#.#...#..##..........#
#........####.####.#.#
###......# #.# #.#.#
#)#########.####.#.#
##.#............#.#.#
###....#######.##.#.#.#


You could see a quokka.

Vanquished Creatures
  2 dart slugs (D:1)
  2 ball pythons (D:1)
  4 endoplasms (D:1)
  A giant cockroach (D:1)
  4 goblins (D:1)
  A hobgoblin (D:1)
  2 jackals (D:1)
  2 kobolds (D:1)
  A quokka (D:1)
  2 rats (D:1)
21 creatures vanquished.

Notes
Turn   | Place    | Note
-------+----------+-------------------------------------------
     0 | D:1      | ddubois the Palentonga Transmuter began the quest for the
                  | Orb.
     0 | D:1      | Reached XP level 1. HP: 16/16 MP: 3/3
   332 | D:1      | Found Vyanuaff's Distillery.
   360 | D:1      | Reached XP level 2. HP: 10/23 MP: 5/5
   813 | D:1      | Found Fucvej's Book Emporium.
  1144 | D:1      | Found Diafedi's Antique Armour Boutique.
  1173 | D:1      | Reached XP level 3. HP: 6/29 MP: 6/6
  1177 | D:1      | Slain by a quokka

Illustrated notes

Levels and vault maps discovered:
D:1:      zaba_arrival_water, layout_loops_ring, serial_shops,
          nicolae_shop_hallway_plus, nicolae_shop_hallway_plus, shop,
          nicolae_shop_advertising_works [nicolae_subvault_shop_adworks],
          nicolae_shop_bloodbath_and_beyond, minivault_23,
          grunt_decor_mini_mirrors, nicolae_wormholes

Skill      XL: |  1  2 |
---------------+-------+-----
Dodging        | 2 |  2.1
Fighting       | 2 |  2.5
Unarmed Combat | |  3.0
Spellcasting   | |  2.0
Transmutations | |  2.0

Action                   || total
-------------------------++-------
Melee: Unarmed           ||    81
       Tailslap          ||     8
       Punch             ||     2
 Abil: Rolling Charge    ||    12
Armor: Robe              ||    20
Dodge: Dodged            ||    33

Table legend: (Time is in decaauts)
 A = Elapsed time spent in this place.
 B = Non-inter-level travel time spent in this place.
 C = Inter-level travel time spent in this place.
 D = Time resting spent in this place.
 E = Time spent auto-exploring this place.
 F = Levels seen in this place.
 G = Mean time per level.
                   A        B        C        D        E       F      G
               +--------+--------+--------+--------+--------+-----+--------+
         Total |   1179 |   1179 |      0 |    199 |    807 |   1 | 1179.0 |
       Dungeon |   1179 |   1179 |      0 |    199 |    807 |   1 | 1179.0 |
               +--------+--------+--------+--------+--------+-----+--------+

Top non-repeatable levels by time:
     D:1: 1179 daAuts
